[Event "World Junior U20 Girls 2018"]
[Site "Gebze"]
[Date "2018.09.12"]
[Round "8"]
[White "Du, Yuxin"]
[Black "Can, Isil"]
[Result "1/2-1/2"]
[ECO "C54"]
[WhiteElo "2146"]
[BlackElo "1798"]
[Annotator "NA"]
[PlyCount "136"]
[EventDate "2018.09.05"]
[EventType "swiss"]
[EventCountry "TUR"]
[SourceTitle "playchess.com"]
[Source "ChessBase"]
[SourceQuality "1"]
[TimeControl "40/5400+30:1800+30"]

1. e4 e5 2. Nf3 Nc6 3. Bc4 Bc5 4. c3 Nf6 5. d4 exd4 6. e5 d5 7. Bb5 Ne4 8. cxd4 Bb6 9. Nc3 Bg4 10. Be3 O-O 11. h3 Bh5 12. Qc2 Bg6 13. Qb3 Nxc3 14. Bxc6 Ba5 15. Qa3 bxc6 16. Qxa5 Ne4 17. O-O Bf5 18. Rac1 Bd7 19. Ne1 Qb8 20. Nd3 Qb6 21. Qe1 Qa6 22. Nb4 Qb7 23. Kh2 f6 24. exf6 Rxf6 25. Nd3 Raf8 26. Qe2 Qa6 27. f3 Nd6 28. b3 Nf5 29. Bf2 Qc8 30. Ne5 Be8 31. Qd2 Re6 32. Rfe1 Ne7 33. Nd3 Ng6 34. Rxe6 Qxe6 35. Bg3 Qf6 36. Nc5 Nf4 37. Bxf4 Qxf4+ 38. Qxf4 Rxf4 39. Ne6 Rf7 40. Kg3 Re7 41. Nd8 Re2 42. Nxc6 Bxc6 43. Rxc6 Rxa2 44. Rxc7 Rd2 45. Rxa7 Rxd4 46. Rb7 Rd2 47. b4 d4 48. Rd7 d3 49. b5 Rb2 50. Rxd3 Rxb5 51. Rd7 h5 52. Kh4 Rf5 53. Rd4 Kf7 54. f4 g6 55. Re4 Kg7 56. g4 hxg4 57. hxg4 Rf6 58. Kg5 Rd6 59. Re7+ Kg8 60. Ra7 Rb6 61. Kh6 Rf6 62. g5 Rxf4 63. Kxg6 Rf8 64. Kh6 Kh8 65. Ra6 Kg8 66. g6 Re8 67. Rb6 Rf8 68. Rb7 Re8 1/2-1/2

[Event "World Junior U20 Girls 2018"]
[Site "Gebze"]
[Date "2018.09.12"]
[Round "8"]
[White "Wafa, Shahenda"]
[Black "Haussernot, Cecile"]
[Result "1-0"]
[ECO "C11"]
[WhiteElo "2129"]
[BlackElo "2237"]
[Annotator "NA"]
[PlyCount "113"]
[EventDate "2018.09.05"]
[EventType "swiss"]
[EventCountry "TUR"]
[SourceTitle "playchess.com"]
[Source "ChessBase"]
[SourceQuality "1"]
[TimeControl "40/5400+30:1800+30"]

1. e4 e6 2. d4 d5 3. Nc3 Nf6 4. e5 Nfd7 5. f4 c5 6. Nf3 Nc6 7. Be3 Be7 8. Qd2 O-O 9. dxc5 Qa5 10. O-O-O b6 11. Bb5 Nb4 12. a3 Na2+ 13. Nxa2 Qxb5 14. Nd4 Qc4 15. Nb4 Bxc5 16. b3 Bxb4 17. Qxb4 Qc5 18. Kb2 a5 19. Qa4 Qe7 20. Nc6 Qe8 21. f5 b5 22. Qh4 f6 23. fxe6 Qxe6 24. Nd4 Qxe5 25. Bf4 Qe4 26. Rhe1 Qg6 27. Nxb5 Bb7 28. Qg3 Nc5 29. Qxg6 hxg6 30. Bd6 Rfc8 31. Nc7 Ne4 32. Nxa8 Bxa8 33. Bf4 g5 34. Be3 f5 35. g3 Bb7 36. a4 Kf7 37. c4 Rh8 38. Re2 Rh3 39. cxd5 f4 40. Bxf4 gxf4 41. Rxe4 Rxh2+ 42. Kc3 fxg3 43. Rf4+ Ke8 44. Rg4 g2 45. Rd2 Rh5 46. Kc4 Ba6+ 47. Kc5 Bf1 48. Rxg7 Rh1 49. Rgxg2 Bxg2 50. Rxg2 Ke7 51. Rg7+ Kf6 52. Ra7 Ke5 53. Rxa5 Rh8 54. Ra6 Rh3 55. Re6+ Kf5 56. Rb6 Ke5 57. Rb5 1-0

[Event "World Junior U20 Girls 2018"]
[Site "Gebze"]
[Date "2018.09.12"]
[Round "8"]
[White "Serikbay, Assel"]
[Black "Alinasab, Mobina"]
[Result "1/2-1/2"]
[ECO "A62"]
[WhiteElo "2125"]
[BlackElo "2261"]
[Annotator "NA"]
[PlyCount "122"]
[EventDate "2018.09.05"]
[EventType "swiss"]
[EventCountry "TUR"]
[SourceTitle "playchess.com"]
[Source "ChessBase"]
[SourceQuality "1"]
[TimeControl "40/5400+30:1800+30"]

1. d4 e6 2. c4 Nf6 3. g3 c5 4. d5 exd5 5. cxd5 g6 6. Nc3 d6 7. Bg2 Bg7 8. Nf3 O-O 9. O-O a6 10. a4 Re8 11. Bf4 h6 12. h4 Nh5 13. Bc1 f5 14. Qc2 Nd7 15. e3 Ndf6 16. Nd2 Ng4 17. Nc4 Ne5 18. b3 g5 19. hxg5 hxg5 20. Bb2 Kf7 21. Ne2 g4 22. Nf4 Nxc4 23. bxc4 Nf6 24. Ne6 Bxe6 25. dxe6+ Kxe6 26. Bd5+ Ke7 27. Qxf5 Kf8 28. Qg6 Qe7 29. Bxf6 Qxf6 30. Qxg4 Rab8 31. e4 Ke7 32. Ra3 Rf8 33. e5 dxe5 34. Kg2 Kd6 35. Rf3 Qe7 36. Rd1 Kc7 37. Rxf8 Bxf8 38. Qe4 Qf6 39. Rd3 Be7 40. Rf3 Qd6 41. Rf5 Bf6 42. g4 Rf8 43. Bxb7 a5 44. Rf3 Bh4 45. Bd5 Rxf3 46. Qxf3 Qd7 47. Qe4 Qg7 48. Be6 Qf6 49. Qh7+ Qe7 50. Qxe7+ Bxe7 51. Kf3 Kd6 52. Bg8 Bh4 53. Ke3 Ke7 54. f3 Kf6 55. Ke4 Be1 56. Kd5 Bb4 57. Bh7 Ba3 58. Bc2 Bb4 59. g5+ Kxg5 60. Kxe5 Bc3+ 61. Ke4 Kf6 1/2-1/2

[Event "World Junior U20 Girls 2018"]
[Site "Gebze"]
[Date "2018.09.12"]
[Round "8"]
[White "Ozbay, Ece"]
[Black "Ghukasyan, Siranush"]
[Result "1/2-1/2"]
[ECO "C96"]
[WhiteElo "2114"]
[BlackElo "2205"]
[Annotator "NA"]
[PlyCount "60"]
[EventDate "2018.09.05"]
[EventType "swiss"]
[EventCountry "TUR"]
[SourceTitle "playchess.com"]
[Source "ChessBase"]
[SourceQuality "1"]
[TimeControl "40/5400+30:1800+30"]

1. e4 e5 2. Nf3 Nc6 3. Bb5 a6 4. Ba4 Nf6 5. O-O Be7 6. Re1 b5 7. Bb3 d6 8. c3 O-O 9. h3 Na5 10. Bc2 c5 11. d4 Nd7 12. d5 Nb6 13. g4 h5 14. Nh2 Bg5 15. Nd2 hxg4 16. hxg4 g6 17. Ndf3 Bxc1 18. Qxc1 Kg7 19. Kg2 Bd7 20. Qg5 f6 21. Qh4 Rh8 22. Qg3 b4 23. Nd2 Nac4 24. Nxc4 Nxc4 25. Rac1 a5 26. b3 Nb6 27. c4 a4 28. Nf1 Qe7 29. Ne3 Rh7 30. Rh1 Rxh1 1/2-1/2

[Event "World Junior U20 Girls 2018"]
[Site "Gebze"]
[Date "2018.09.12"]
[Round "8"]
[White "Dwilewicz, Katarzyna"]
[Black "Nass, Sara"]
[Result "1-0"]
[ECO "B12"]
[WhiteElo "2081"]
[BlackElo "1888"]
[Annotator "NA"]
[PlyCount "133"]
[EventDate "2018.09.05"]
[EventType "swiss"]
[EventCountry "TUR"]
[SourceTitle "playchess.com"]
[Source "ChessBase"]
[SourceQuality "1"]
[TimeControl "40/5400+30:1800+30"]

1. e4 c6 2. d4 d5 3. e5 Bf5 4. h4 h5 5. Bd3 Bxd3 6. Qxd3 e6 7. Bg5 Be7 8. Nf3 Nd7 9. Nbd2 Nh6 10. c4 Nf5 11. cxd5 cxd5 12. g3 f6 13. exf6 gxf6 14. Bf4 Bd6 15. Bxd6 Nxd6 16. Qg6+ Ke7 17. O-O Qg8 18. Qd3 Nf5 19. Kh2 Qg4 20. Rfe1 Rhg8 21. Rac1 Nd6 22. Qa3 Rgc8 23. Kg2 Rxc1 24. Rxc1 e5 25. dxe5 fxe5 26. Rc7 Qe6 27. Rxb7 a5 28. Ng5 Qf5 29. Rc7 Rf8 30. Qf3 e4 31. Qxf5 Nxf5 32. Nf1 Rb8 33. Rc2 Kd6 34. b3 Ke5 35. Re2 Nc5 36. Nd2 a4 37. bxa4 Nxa4 38. Ndxe4 Rb2 39. Rxb2 Nxb2 40. Nd2 d4 41. Nh3 d3 42. Nf4 Ng7 43. a4 Nxa4 44. Nxd3+ Kf6 45. Kf3 Nb6 46. Ke4 Nd7 47. Nf3 Ke6 48. Nd4+ Kf6 49. Nf4 Nc5+ 50. Kd5 Na4 51. Kd6 Nb2 52. Nde6 Nxe6 53. Nxe6 Nd3 54. f3 Kg6 55. Kd5 Nf2 56. Ke5 Nh1 57. Nf4+ Kh6 58. Ne2 Kg6 59. f4 Nf2 60. f5+ Kg7 61. Nf4 Ng4+ 62. Ke6 Nf6 63. Ke7 Ng8+ 64. Ke6 Nf6 65. Nd5 Ne4 66. f6+ Kf8 67. Nf4 1-0

[Event "World Junior U20 Girls 2018"]
[Site "Gebze"]
[Date "2018.09.12"]
[Round "8"]
[White "Nurgali, Nazerke"]
[Black "Antova, Gabriela"]
[Result "1/2-1/2"]
[ECO "E04"]
[WhiteElo "2080"]
[BlackElo "2292"]
[Annotator "NA"]
[PlyCount "81"]
[EventDate "2018.09.05"]
[EventType "swiss"]
[EventCountry "TUR"]
[SourceTitle "playchess.com"]
[Source "ChessBase"]
[SourceQuality "1"]
[TimeControl "40/5400+30:1800+30"]

1. d4 d5 2. Nf3 Nf6 3. c4 e6 4. g3 dxc4 5. Bg2 Nc6 6. O-O Rb8 7. a4 b6 8. Na3 Bxa3 9. Rxa3 O-O 10. Re1 h6 11. e4 a6 12. Rc3 b5 13. b3 Na5 14. bxc4 b4 15. Rd3 Nxc4 16. Qc2 Nb6 17. a5 Nbd7 18. Bf4 Bb7 19. Nd2 Rc8 20. Nb3 Qe7 21. Qc4 e5 22. dxe5 Nxe5 23. Bxe5 Qxe5 24. Qxb4 c5 25. Qc3 Qe8 26. e5 Bxg2 27. exf6 Qc6 28. fxg7 Rfe8 29. Rxe8+ Rxe8 30. f3 Bh3 31. Nd2 Bf5 32. Re3 Rxe3 33. Qxe3 Qd6 34. Qc3 Bd3 35. Kf2 f6 36. Ke3 Bg6 37. Ne4 Bxe4 38. fxe4 Kxg7 39. Qd3 Qc6 40. Qc4 Qc8 41. Qc3 1/2-1/2

[Event "World Junior U20 Girls 2018"]
[Site "Gebze"]
[Date "2018.09.12"]
[Round "8"]
[White "Lingur, Zalina"]
[Black "De Silva, Tenara"]
[Result "1-0"]
[ECO "B09"]
[WhiteElo "2061"]
[BlackElo "1764"]
[Annotator "NA"]
[PlyCount "77"]
[EventDate "2018.09.05"]
[EventType "swiss"]
[EventCountry "TUR"]
[SourceTitle "playchess.com"]
[Source "ChessBase"]
[SourceQuality "1"]
[TimeControl "40/5400+30:1800+30"]

1. e4 d6 2. d4 g6 3. Nc3 Bg7 4. f4 Nf6 5. Bd3 O-O 6. Nf3 Nc6 7. e5 dxe5 8. fxe5 Nh5 9. Be2 Bg4 10. Be3 f6 11. exf6 exf6 12. Qd2 Qd7 13. Qd1 Qd8 14. Qd2 Qd7 15. O-O-O f5 16. h3 Bxf3 17. Bxf3 Nf6 18. g4 Rfe8 19. g5 Ne4 20. Nxe4 fxe4 21. Bg4 Qd5 22. Kb1 Bf8 23. c3 b5 24. b3 Ba3 25. h4 Na5 26. h5 Nxb3 27. axb3 Qxb3+ 28. Ka1 b4 29. Qa2 Qxa2+ 30. Kxa2 a5 31. hxg6 hxg6 32. Rh6 Ra6 33. Rdh1 Kf7 34. Rh7+ Kf8 35. Rh8+ Ke7 36. R1h7+ Kd8 37. Rd7+ Kc8 38. Rxe8+ Kb7 39. d5 1-0

[Event "World Junior U20 Girls 2018"]
[Site "Gebze"]
[Date "2018.09.12"]
[Round "8"]
[White "Auvray, Honorine"]
[Black "Kyrkjebo, Hanna B"]
[Result "1-0"]
[ECO "D02"]
[WhiteElo "2050"]
[BlackElo "1947"]
[Annotator "NA"]
[PlyCount "119"]
[EventDate "2018.09.05"]
[EventType "swiss"]
[EventCountry "TUR"]
[SourceTitle "playchess.com"]
[Source "ChessBase"]
[SourceQuality "1"]
[TimeControl "40/5400+30:1800+30"]

1. d4 Nf6 2. Bf4 e6 3. e3 c5 4. c3 Be7 5. Nd2 b6 6. h3 Bb7 7. Ngf3 O-O 8. Bd3 d5 9. O-O Nbd7 10. Ne5 Ne4 11. f3 Nxd2 12. Qxd2 f6 13. Nxd7 Qxd7 14. Rfe1 f5 15. Rad1 c4 16. Bc2 Bd6 17. Bxd6 Qxd6 18. e4 fxe4 19. fxe4 Rae8 20. Qe2 Qd7 21. Qg4 Rd8 22. exd5 Bxd5 23. Re5 Rf6 24. Rde1 Qf7 25. b3 b5 26. Qh4 g6 27. Be4 Rd7 28. Bxd5 Rxd5 29. bxc4 bxc4 30. Qe4 Rd6 31. Rc5 Rd8 32. Rxc4 Rf8 33. Kh2 Rf2 34. a4 Re8 35. Rc6 Rb8 36. Qe5 Rf8 37. Qxe6 Qxe6 38. Rcxe6 Rc2 39. Rc6 Rff2 40. Rg1 Rfd2 41. Rc7 a5 42. Kh1 Rb2 43. Ra7 Rdc2 44. d5 Rb6 45. Rxa5 Rxc3 46. Rd1 Rd6 47. Kh2 Ra3 48. Ra7 Kf8 49. Rb1 Re3 50. Rxh7 Kg8 51. Rc7 Re8 52. Rb5 Red8 53. a5 g5 54. Kg3 R8d7 55. Rxd7 Rxd7 56. a6 Kf8 57. Rb8+ Ke7 58. Rb7 Kd6 59. Rxd7+ Kxd7 60. a7 1-0

[Event "World Junior U20 Girls 2018"]
[Site "Gebze"]
[Date "2018.09.12"]
[Round "8"]
[White "Gomez Barrera, Javiera Belen"]
[Black "Georgescu, Lena"]
[Result "1-0"]
[ECO "B67"]
[WhiteElo "2035"]
[BlackElo "2195"]
[Annotator "NA"]
[PlyCount "73"]
[EventDate "2018.09.05"]
[EventType "swiss"]
[EventCountry "TUR"]
[SourceTitle "playchess.com"]
[Source "ChessBase"]
[SourceQuality "1"]
[TimeControl "40/5400+30:1800+30"]

1. e4 c5 2. Nf3 d6 3. d4 cxd4 4. Nxd4 Nf6 5. Nc3 Nc6 6. Bg5 e6 7. Qd2 a6 8. O-O-O Bd7 9. f4 b5 10. Bxf6 gxf6 11. Kb1 Qb6 12. Nce2 Na5 13. f5 e5 14. Nb3 Nc4 15. Qd3 Ne3 16. Re1 d5 17. Nc3 d4 18. Nd5 Nxd5 19. exd5 Be7 20. g4 O-O-O 21. Nxd4 h5 22. Bg2 hxg4 23. Qc3+ Qc7 24. Nc6 Bxc6 25. dxc6 Rd4 26. Qb3 Bc5 27. Bd5 Kb8 28. Be4 Rh3 29. c3 Rd2 30. Rd1 Rd6 31. a4 b4 32. Qc4 Qa7 33. Rxd6 Bxd6 34. cxb4 Qd4 35. c7+ Bxc7 36. Qc6 Qxb4 37. Qa8# 1-0

[Event "World Junior U20 Girls 2018"]
[Site "Gebze"]
[Date "2018.09.12"]
[Round "8"]
[White "Isha Sharma"]
[Black "Chitlange Sakshi"]
[Result "0-1"]
[ECO "B01"]
[WhiteElo "2012"]
[BlackElo "2279"]
[Annotator "NA"]
[PlyCount "112"]
[EventDate "2018.09.05"]
[EventType "swiss"]
[EventCountry "TUR"]
[SourceTitle "playchess.com"]
[Source "ChessBase"]
[SourceQuality "1"]
[TimeControl "40/5400+30:1800+30"]

1. e4 d5 2. exd5 Qxd5 3. d4 Nf6 4. Nc3 Qd6 5. Bc4 c6 6. Nge2 Bf5 7. Bf4 Qb4 8. Bd3 Bxd3 9. Qxd3 e6 10. O-O Nbd7 11. a3 Qb6 12. b4 Be7 13. b5 O-O 14. a4 Nd5 15. Bg3 Qa5 16. Rfb1 Nxc3 17. Nxc3 c5 18. dxc5 Nxc5 19. Qe3 Bf6 20. Be5 Bxe5 21. Qxe5 Nd7 22. Qd4 Qc7 23. Ne4 Rfd8 24. Rb3 Ne5 25. Qb2 Qd7 26. h3 Nc4 27. Qc3 Rac8 28. Qg3 Qe7 29. Rf3 f5 30. Nc3 Qf6 31. Re1 Nd2 32. Nd1 Nxf3+ 33. Qxf3 Rxc2 34. Ne3 Rc7 35. Qf4 Qc3 36. Rb1 Rcd7 37. Kh2 Qc7 38. Qxc7 Rxc7 39. b6 axb6 40. Rxb6 Kf7 41. a5 f4 42. Ng4 Rd5 43. Rb4 e5 44. f3 Rxa5 45. Rb6 Ke7 46. Nf2 Ra6 47. Rb5 Re6 48. Nd3 b6 49. Kg1 Kf6 50. Kf1 Ra7 51. Nf2 Ra5 52. Ne4+ Kf5 53. Rb3 Rc6 54. Rb2 Ra1+ 55. Ke2 Rg1 56. Kd3 Rg6 0-1

[Event "World Junior U20 Girls 2018"]
[Site "Gebze"]
[Date "2018.09.12"]
[Round "8"]
[White "Kamalidenova, Meruert"]
[Black "Koljevic, Nikolina"]
[Result "1-0"]
[ECO "D34"]
[WhiteElo "2011"]
[BlackElo "1898"]
[Annotator "NA"]
[PlyCount "109"]
[EventDate "2018.09.05"]
[EventType "swiss"]
[EventCountry "TUR"]
[SourceTitle "playchess.com"]
[Source "ChessBase"]
[SourceQuality "1"]
[TimeControl "40/5400+30:1800+30"]

1. d4 d5 2. Nf3 e6 3. c4 c5 4. cxd5 exd5 5. g3 Nf6 6. Bg2 Be7 7. O-O O-O 8. Nc3 Nc6 9. Bg5 cxd4 10. Nxd4 h6 11. Bf4 Bg4 12. h3 Be6 13. Qd2 Bb4 14. a3 Ba5 15. Rac1 Rc8 16. Kh2 Re8 17. b4 Bb6 18. Nxc6 bxc6 19. Be5 Bf5 20. Bd4 Ne4 21. Nxe4 Bxe4 22. e3 Bxg2 23. Kxg2 Re4 24. Bc5 h5 25. h4 Qd7 26. Rfd1 Rce8 27. Qe2 g6 28. Bxb6 axb6 29. Qa6 Rb8 30. Rd2 Re6 31. Qd3 Rd8 32. Qd4 Qc7 33. Rdc2 Re4 34. Rxc6 Qxc6 35. Rxc6 Rxd4 36. exd4 Ra8 37. Rd6 Rxa3 38. Rxd5 Rb3 39. Rb5 Rd3 40. d5 Kf8 41. Kf1 Ke7 42. Ke2 Rd4 43. Ke3 Rd1 44. Ke4 Re1+ 45. Kd4 Rd1+ 46. Ke5 Re1+ 47. Kf4 Rd1 48. f3 f6 49. Rxb6 Rxd5 50. b5 Kf7 51. Rb8 Re5 52. b6 Kg7 53. g4 hxg4 54. Rb7+ Kg8 55. Rc7 1-0

[Event "World Junior U20 Girls 2018"]
[Site "Gebze"]
[Date "2018.09.12"]
[Round "8"]
[White "Nastase, Andreea-Cristina"]
[Black "Caxita, Esperanca"]
[Result "1/2-1/2"]
[ECO "D13"]
[WhiteElo "1983"]
[BlackElo "1803"]
[Annotator "NA"]
[PlyCount "159"]
[EventDate "2018.09.05"]
[EventType "swiss"]
[EventCountry "TUR"]
[SourceTitle "playchess.com"]
[Source "ChessBase"]
[SourceQuality "1"]
[TimeControl "40/5400+30:1800+30"]

1. d4 d5 2. c4 c6 3. Nf3 Nf6 4. Nc3 e6 5. cxd5 cxd5 6. Bf4 Nc6 7. e3 a6 8. Bd3 Be7 9. O-O O-O 10. h3 h6 11. a3 Bd6 12. Bxd6 Qxd6 13. Na4 Bd7 14. Nc5 Rab8 15. b4 a5 16. Nxd7 Nxd7 17. bxa5 Nxa5 18. a4 Rfc8 19. Qe2 Nb6 20. Rfb1 Rc7 21. Rb5 Nbc4 22. Nd2 b6 23. Bxc4 Nxc4 24. Nxc4 Rxc4 25. Qb2 Qc7 26. a5 Ra8 27. Rxb6 Rxa5 28. Rb8+ Kh7 29. Rf1 Ra7 30. Qb1+ g6 31. h4 Kg7 32. Qb5 Qd7 33. Qb2 Qc7 34. g3 h5 35. Re8 Qb7 36. Rb1 Qxb2 37. Rxb2 Kf6 38. Kg2 Rac7 39. Kf3 Kf5 40. Ra8 Kf6 41. Ra5 Rd7 42. Ke2 Rdc7 43. Kd3 Ke7 44. Rab5 Rc3+ 45. Kd2 R3c4 46. Rb7 Kd6 47. f3 Ra4 48. Rxc7 Kxc7 49. Ke2 Ra7 50. g4 f6 51. gxh5 gxh5 52. Kf2 e5 53. Rb5 Kc6 54. Rb8 Ra2+ 55. Kg3 Ra3 56. Rf8 exd4 57. exd4 Rd3 58. Rxf6+ Kd7 59. Rf5 Rxd4 60. Rxh5 Rd1 61. Kf2 Ke6 62. Rh8 d4 63. Ke2 Rh1 64. h5 Rh3 65. h6 Kf7 66. Rd8 Rxh6 67. Rxd4 Kf6 68. Rd5 Rg6 69. Ke3 Ke6 70. Ra5 Rg8 71. Ke4 Kf6 72. Kf4 Rc8 73. Ra6+ Kf7 74. Kf5 Rc5+ 75. Kg4 Rc1 76. f4 Rc5 77. Ra4 Kf6 78. f5 Rc6 79. Kf4 Rb6 80. Ke4 1/2-1/2

[Event "World Junior U20 Girls 2018"]
[Site "Gebze"]
[Date "2018.09.12"]
[Round "8"]
[White "Ayan, Bengu Sena"]
[Black "Anacoglu, Cisel"]
[Result "0-1"]
[ECO "E84"]
[WhiteElo "1976"]
[BlackElo "1791"]
[Annotator "NA"]
[PlyCount "112"]
[EventDate "2018.09.05"]
[EventType "swiss"]
[EventCountry "TUR"]
[SourceTitle "playchess.com"]
[Source "ChessBase"]
[SourceQuality "1"]
[TimeControl "40/5400+30:1800+30"]

1. d4 Nf6 2. c4 g6 3. f3 Bg7 4. e4 d6 5. Nc3 O-O 6. Be3 Nc6 7. Nge2 a6 8. Qd2 Rb8 9. Rc1 Bd7 10. Nd1 e5 11. d5 Ne7 12. Nf2 Nc8 13. g4 h5 14. h3 c5 15. Bg5 h4 16. Bg2 Kh7 17. Bxh4 b5 18. Bg5 bxc4 19. h4 Qb6 20. Rb1 Qb4 21. Nc3 Na7 22. h5 Kg8 23. Nfd1 Nb5 24. Rc1 Nd4 25. Qf2 Ba4 26. h6 Bxd1 27. hxg7 Kxg7 28. Bh6+ Kg8 29. Rxd1 Qxb2 30. Qxb2 Rxb2 31. Bxf8 Rxg2 32. Kf1 Rc2 33. Be7 Rxc3 34. Kg2 Rc2+ 35. Kh3 Ne8 36. Rh2 Rxh2+ 37. Kxh2 c3 38. Rc1 c2 39. Kg2 f5 40. gxf5 gxf5 41. Kf2 Kf7 42. Bd8 Ng7 43. Bg5 f4 44. Bd8 Nh5 45. Ba5 Ng3 46. Bd2 c4 47. Re1 Ke7 48. Bb4 Nge2 49. Bd2 c3 50. Bc1 Nxc1 51. Rxc1 Kd7 52. Kg2 Kc7 53. Kh3 Kb6 54. Kg4 Kc5 55. Kh5 Kc4 56. Kg6 Kd3 0-1

[Event "World Junior U20 Girls 2018"]
[Site "Gebze"]
[Date "2018.09.12"]
[Round "8"]
[White "Celik, Eda"]
[Black "Ince, Safiye Oyku"]
[Result "1/2-1/2"]
[ECO "A04"]
[WhiteElo "1970"]
[BlackElo "1905"]
[Annotator "NA"]
[PlyCount "73"]
[EventDate "2018.09.05"]
[EventType "swiss"]
[EventCountry "TUR"]
[SourceTitle "playchess.com"]
[Source "ChessBase"]
[SourceQuality "1"]
[TimeControl "40/5400+30:1800+30"]

1. e4 c5 2. Nf3 e6 3. d3 Nc6 4. g3 g6 5. Bg2 Bg7 6. O-O Nge7 7. c3 O-O 8. Re1 e5 9. Nbd2 d6 10. a3 a5 11. a4 b6 12. Nc4 Ba6 13. Ng5 h6 14. Nh3 Rb8 15. f4 b5 16. axb5 Bxb5 17. f5 d5 18. exd5 Nxd5 19. fxg6 fxg6 20. Qg4 Kh7 21. Be4 Nce7 22. Bg5 Qd7 23. Qxd7 Bxd7 24. Bxe7 Nxe7 25. Bg2 Be6 26. Nxe5 Rxb2 27. Nf4 Ba2 28. Nc4 Bxc4 29. Rxe7 Bf7 30. Rxa5 g5 31. Be4+ Kg8 32. Ng6 Bxg6 33. Bxg6 Bxc3 34. Ra1 Bd4+ 35. Kh1 Rxh2+ 36. Kxh2 Bxa1 37. Be4 1/2-1/2

[Event "World Junior U20 Girls 2018"]
[Site "Gebze"]
[Date "2018.09.12"]
[Round "8"]
[White "Meenal Gupta"]
[Black "Hilario, Aleyla"]
[Result "1-0"]
[ECO "C96"]
[WhiteElo "1963"]
[BlackElo "2203"]
[Annotator "NA"]
[PlyCount "59"]
[EventDate "2018.09.05"]
[EventType "swiss"]
[EventCountry "TUR"]
[SourceTitle "playchess.com"]
[Source "ChessBase"]
[SourceQuality "1"]
[TimeControl "40/5400+30:1800+30"]

1. e4 e5 2. Nf3 Nc6 3. Bb5 a6 4. Ba4 Nf6 5. O-O Be7 6. Re1 b5 7. Bb3 O-O 8. h3 d6 9. c3 Na5 10. Bc2 c5 11. d4 Nd7 12. a4 Rb8 13. Nbd2 exd4 14. cxd4 Nc6 15. axb5 axb5 16. Nf1 Bf6 17. Be3 Qb6 18. e5 dxe5 19. dxc5 Nxc5 20. Bxh7+ Kh8 21. Nxe5 Kxh7 22. Qc2+ Kg8 23. Bxc5 Qb7 24. Bxf8 Nxe5 25. f4 Nf3+ 26. gxf3 Bd4+ 27. Kg2 Bxh3+ 28. Kxh3 Qxf3+ 29. Ng3 Rb6 30. Bd6 1-0

[Event "World Junior U20 Girls 2018"]
[Site "Gebze"]
[Date "2018.09.12"]
[Round "8"]
[White "Vujcic, Milena"]
[Black "Huttl, Sofie"]
[Result "1/2-1/2"]
[ECO "C60"]
[WhiteElo "1955"]
[BlackElo "1727"]
[Annotator "NA"]
[PlyCount "71"]
[EventDate "2018.09.05"]
[EventType "swiss"]
[EventCountry "TUR"]
[SourceTitle "playchess.com"]
[Source "ChessBase"]
[SourceQuality "1"]
[TimeControl "40/5400+30:1800+30"]

1. e4 e5 2. Nf3 Nc6 3. Bb5 Nge7 4. c3 d5 5. Nxe5 dxe4 6. Nxc6 bxc6 7. Be2 Bf5 8. O-O Ng6 9. f3 Bc5+ 10. Kh1 O-O 11. fxe4 Bxe4 12. d4 Bd6 13. Qe1 Qh4 14. Qxh4 Nxh4 15. Rg1 Rfe8 16. Bf1 c5 17. Bg5 Nf5 18. Nd2 Bc6 19. Bd3 Ne3 20. Nc4 Nxc4 21. Bxc4 cxd4 22. Rgf1 Kh8 23. cxd4 f6 24. d5 fxg5 25. dxc6 Rab8 26. b3 Rf8 27. Rfd1 Rf2 28. a4 g6 29. Rac1 Rd8 30. Kg1 Rf6 31. Kh1 Rdf8 32. Bb5 Kg7 33. Rf1 Rxf1+ 34. Bxf1 Rf5 35. Bb5 h5 36. Rd1 1/2-1/2

[Event "World Junior U20 Girls 2018"]
[Site "Gebze"]
[Date "2018.09.12"]
[Round "8"]
[White "Heydarova, Aytaj"]
[Black "Li, Xinyu"]
[Result "0-1"]
[ECO "A07"]
[WhiteElo "1948"]
[BlackElo "2086"]
[Annotator "NA"]
[PlyCount "116"]
[EventDate "2018.09.05"]
[EventType "swiss"]
[EventCountry "TUR"]
[SourceTitle "playchess.com"]
[Source "ChessBase"]
[SourceQuality "1"]
[TimeControl "40/5400+30:1800+30"]

1. Nf3 d5 2. g3 Nf6 3. Bg2 Bf5 4. d3 e6 5. O-O c6 6. Nbd2 Be7 7. Qe1 h6 8. e4 Bh7 9. Qe2 O-O 10. e5 Nfd7 11. Re1 Qc7 12. Nf1 c5 13. h4 Nc6 14. Bf4 b5 15. g4 Rab8 16. g5 h5 17. Ng3 Bg6 18. Nh2 Nd4 19. Qd1 Nc6 20. Nxh5 Ncxe5 21. Bg3 Bd6 22. Nf4 Bf5 23. Qd2 Ng6 24. Nxg6 fxg6 25. Bxd6 Qxd6 26. Re2 Rf7 27. Rae1 Rbf8 28. d4 Nb8 29. dxc5 Qxc5 30. b3 Nc6 31. c3 Rd8 32. Qe3 Qd6 33. Rd2 b4 34. cxb4 Qxb4 35. Nf3 d4 36. Qe2 Bg4 37. Rd3 e5 38. Rc1 Qb5 39. a4 Qa6 40. Qe4 Nb4 41. Rd2 Bxf3 42. Bxf3 Qd6 43. Bg2 Re8 44. Rc4 Rd8 45. a5 a6 46. Bh3 Nd5 47. Rdc2 Nc3 48. Qc6 Rf4 49. Qxd6 Rxd6 50. Rc8+ Rf8 51. Rc5 e4 52. Re5 Kf7 53. h5 gxh5 54. Bf5 Re8 55. Rxe8 Kxe8 56. Kh2 g6 57. Bh3 Rd5 58. Rd2 d3 0-1

[Event "World Junior U20 Girls 2018"]
[Site "Gebze"]
[Date "2018.09.12"]
[Round "8"]
[White "Hereklioglu, Sude"]
[Black "Caballero Quijano, Mitzy Mishell"]
[Result "1-0"]
[ECO "C00"]
[WhiteElo "1930"]
[BlackElo "2034"]
[Annotator "NA"]
[PlyCount "63"]
[EventDate "2018.09.05"]
[EventType "swiss"]
[EventCountry "TUR"]
[SourceTitle "playchess.com"]
[Source "ChessBase"]
[SourceQuality "1"]
[TimeControl "40/5400+30:1800+30"]

1. e4 e6 2. Nf3 d5 3. e5 c5 4. d3 Nc6 5. g3 Qc7 6. Qe2 Nge7 7. c3 Ng6 8. d4 b6 9. Be3 cxd4 10. cxd4 Bb4+ 11. Nbd2 O-O 12. a3 Be7 13. h4 a5 14. Ng5 h6 15. Nh3 Ba6 16. Qg4 Bxf1 17. Kxf1 Ngxe5 18. dxe5 Qxe5 19. Bxh6 Qxb2 20. Kg2 Qd4 21. Nf4 f5 22. Qg6 Qf6 23. Bg5 Qxg6 24. Nxg6 Bxg5 25. hxg5 Rfe8 26. Rac1 Kf7 27. Rxc6 Kxg6 28. f4 b5 29. Nf3 Kf7 30. Rc7+ Kg8 31. g6 Rac8 32. Rhc1 1-0

[Event "World Junior U20 Girls 2018"]
[Site "Gebze"]
[Date "2018.09.12"]
[Round "8"]
[White "Tian, Shi Yuan"]
[Black "Santeramo, Alessia"]
[Result "1/2-1/2"]
[ECO "E11"]
[WhiteElo "1923"]
[BlackElo "2124"]
[Annotator "NA"]
[PlyCount "60"]
[EventDate "2018.09.05"]
[EventType "swiss"]
[EventCountry "TUR"]
[SourceTitle "playchess.com"]
[Source "ChessBase"]
[SourceQuality "1"]
[TimeControl "40/5400+30:1800+30"]

1. d4 Nf6 2. Nf3 e6 3. c4 Bb4+ 4. Bd2 Qe7 5. e3 b6 6. a3 Bxd2+ 7. Nbxd2 Bb7 8. Qc2 d6 9. Be2 O-O 10. O-O e5 11. d5 Nbd7 12. Rfe1 g6 13. e4 Nh5 14. g3 Ng7 15. Bf1 a5 16. b4 Nf6 17. Bh3 Bc8 18. Bxc8 Rfxc8 19. Qc3 Nd7 20. Qe3 Qf8 21. Qh6 Nh5 22. Qxf8+ Rxf8 23. Kg2 h6 24. Nh4 Kh7 25. h3 Ra7 26. Nb3 axb4 27. axb4 Rfa8 28. Rxa7 Rxa7 29. Ra1 Rxa1 30. Nxa1 Kg7 1/2-1/2

[Event "World Junior U20 Girls 2018"]
[Site "Gebze"]
[Date "2018.09.12"]
[Round "8"]
[White "Koo, Wei Xin Rosamund"]
[Black "Celik, Eylul"]
[Result "0-1"]
[ECO "D30"]
[WhiteElo "1918"]
[BlackElo "2014"]
[Annotator "NA"]
[PlyCount "74"]
[EventDate "2018.09.05"]
[EventType "swiss"]
[EventCountry "TUR"]
[SourceTitle "playchess.com"]
[Source "ChessBase"]
[SourceQuality "1"]
[TimeControl "40/5400+30:1800+30"]

1. c4 c6 2. Nf3 d5 3. d4 e6 4. Qc2 dxc4 5. Qxc4 b5 6. Qc2 Bb7 7. Nc3 Nf6 8. Bg5 Nbd7 9. e4 h6 10. Bd2 Bb4 11. e5 Bxc3 12. bxc3 Nd5 13. a4 a6 14. c4 bxc4 15. Bxc4 a5 16. O-O O-O 17. Ba2 Re8 18. Bb1 Nf8 19. Qe4 Qe7 20. Qg4 Kh8 21. Re1 c5 22. dxc5 Qxc5 23. Bd3 Ba6 24. Rec1 Qe7 25. Bb5 Bxb5 26. axb5 Reb8 27. Nd4 Nb4 28. Nc6 Nxc6 29. bxc6 Qc7 30. Qd4 Rd8 31. Qc3 a4 32. Be3 Ng6 33. f4 Ne7 34. Bc5 Nxc6 35. Kh1 Qd7 36. Bd6 Na5 37. Qc7 Nb3 0-1